 Dungeon Crawl Stone Soup version 0.14-a0-663-gfc8c466 (webtiles) character file.

5158 4tharraofdagon the Arsonist (level 10, 0/84 HPs)
             Began as a Naga Fire Elementalist on Nov 6, 2013.
             Was a Priest of Vehumet.
             Slain by Impy's ghost (9 damage)
             ... on Level 13 of the Dungeon.
             The game lasted 00:30:54 (3411 turns).

4tharraofdagon the Arsonist (NaFE)                  Turns: 3411, Time: 00:30:54

HP   0/84        AC  8     Str 17      XL: 10   Next: 32%
MP   1/22        EV 10     Int 18      God: Vehumet [***...]
Gold 851         SH  0     Dex 15      Spells:  4 memorised,  7 levels left

Res.Fire  : + . .   See Invis. : +   z - +2 hand axe of Revolt {vamp, Dex+4}
Res.Cold  : + . .   Warding    : .   p - +2 robe {rC+ rF+}
Life Prot.: . . .   Conserve   : .   (no shield)
Res.Poison: +       Res.Corr.  : .   (no helmet)
Res.Elec. : .       Clarity    : .   (no cloak)
Sust.Abil.: . .     Spirit.Shd : .   (no gloves)
Res.Mut.  : .       Stasis     : .   (no barding)
Res.Rott. : .       Flight     : .   (no amulet)
Saprovore : . . .                    (no ring)
                                     (no ring)

@: mighty, very slow, somewhat resistant to hostile enchantments, stealthy
A: spit poison, see invisible, deformed body, poison resistance, slowness 2, AC
+5
a: Spit Poison, Renounce Religion


You were on level 13 of the Dungeon.
You worshipped Vehumet.
Vehumet was most pleased with you.
You were hungry.

You visited 2 branches of the dungeon, and saw 14 of its levels.
You also visited: Bailey.

You collected 851 gold pieces.

Inventory:

Hand weapons
 o - a +0,-1 sabre
 z - the cursed +2,+2 hand axe of Revolt (weapon) {vamp, Dex+4}
   (You found it on level 8 of the Dungeon)

   It inflicts no extra harm, but heals its wielder somewhat when it strikes a
   living foe.
   It affects your dexterity (+4).
   It has a curse placed upon it.
Missiles
 h - 28 tomahawks of returning (quivered)
Armour
 a - a +0 robe
 l - a +0 helmet
 p - a +2 robe of resistance (worn)
 E - a +2 pearl dragon armour
Magical devices
 j - a wand of random effects (0)
 m - a wand of random effects (12)
 r - a wand of hasting (0)
 s - a wand of flame (1)
 D - a wand of magic darts (7)
Comestibles
 f - a meat ration
 J - 3 rotting chunks of goliath beetle flesh
 L - a rotting chunk of yellow wasp flesh
 M - 2 chunks of hound flesh
 N - a chunk of quokka flesh
Scrolls
 d - a scroll of curse armour
 g - a scroll of noise {unknown}
 t - a scroll of enchant weapon II
 u - a scroll of identify
 y - 2 scrolls of magic mapping {unknown}
 A - a scroll of teleportation
 F - 4 scrolls of remove curse {unknown}
 H - a scroll of curse weapon {unknown}
Jewellery
 k - an uncursed ring of flight
Potions
 c - 2 potions of flight
 q - a potion of brilliance
 v - 2 potions of might
 w - a potion of degeneration
 x - a potion of poison
Books
 b - a book of Flames

   Spells                             Type                      Level
   *Flame Tongue                      Conjuration/Fire             1
   Throw Flame                        Conjuration/Fire             2
   *Conjure Flame                     Conjuration/Fire             3
   Inner Flame                        Hexes/Fire                   3
   *Sticky Flame                      Conjuration/Fire             4
   *Fireball                          Conjuration/Fire             5
 e - a book of Control

   Spells                             Type                      Level
   Control Teleport                   Charms/Translocation         4
   Control Undead                     Necromancy                   4
   Enslavement                        Hexes                        4
   Mass Confusion                     Hexes                        6
   Metabolic Englaciation             Hexes/Ice                    6
 n - a book of Power

   Spells                             Type                      Level
   Iskenderun's Mystic Blast          Conjuration                  4
   Venom Bolt                         Conjuration/Poison           5
   Bolt of Magma                      Conjuration/Fire/Earth       5
   Fulminant Prism                    Conjuration/Hexes            5
   Iron Shot                          Conjuration/Earth            6
   Orb of Destruction                 Conjuration                  7
 B - a Necronomicon {highlevel}

   This book is beyond your current level of understanding.

   Spells                             Type                      Level
   Haunt                              Necromancy/Summoning         7
   Borgnjor's Revivification          Necromancy                   8
   Death's Door                       Charms/Necromancy            8
   Necromutation                      Transmutation/Necromancy     8


   Skills:
 + Level 3.3 Fighting
 - Level 1.0 Armour
 - Level 1.5 Dodging
 - Level 3.0 Stealth
 + Level 5.8 Spellcasting
 * Level 9.1 Conjurations
 * Level 9.4 Fire Magic


You had 7 spell levels left.
You knew the following spells:

 Your Spells              Type           Power        Failure   Level  Hunger
a - Flame Tongue          Conj/Fire      #####        1%          1    None
b - Conjure Flame         Conj/Fire      #####...     1%          3    ##.....
c - Sticky Flame          Conj/Fire      #####...     1%          4    ####...
d - Fireball              Conj/Fire      #####.....   2%          5    #####..


Dungeon Overview and Level Annotations

Branches:
Dungeon (13/27)            Temple (1/1) D:5
    Orc: D:6-11        Lair: D:8-13

Altars:
Ashenzari
Elyvilon
Fedhas
Kikubaaqudgha
Makhleb
Nemelex Xobeh
Okawaru
Vehumet
Xom
Zin
the Shining One

Shops:
D:6 [

Portals:
Trove: D:11 (give 6 scrolls of blinking)

Annotations:
D:13 Impy's ghost, powerful DsGl


Innate Abilities, Weirdness & Mutations

You cannot wear boots.
You can spit poison.
Your serpentine skin is tough (AC +3).
You have supernaturally acute eyesight.
Armour fits poorly on your strangely shaped body.
Your system is resistant to poisons.
You cover ground very slowly.
You are mostly covered in rugged brown scales (AC +2, +5% HP).


Message History

Confirm with . or Enter, or press ? or * to list all spells.
Aiming: Flame Tongue
Press: ? - help, Shift-Dir - straight line, f/p - Impy's ghost
Aim: Impy's ghost (flame, severely damaged)
The flame hits Impy's ghost.
Impy's ghost appears unharmed.
Impy's ghost is severely damaged.
Impy's ghost is engulfed in roaring flames.
Impy's ghost shrieks, "They lied to you.
The Dungeon just goes down and down forever."
Impy's ghost hits you.
* * * LOW HITPOINT WARNING * * *
Casting: Flame Tongue
Confirm with . or Enter, or press ? or * to list all spells.
Aiming: Flame Tongue
Press: ? - help, Shift-Dir - straight line, f/p - Impy's ghost
Aim: Impy's ghost (flame, almost destroyed)
The flame hits Impy's ghost.
Impy's ghost is almost destroyed.
Impy's ghost is engulfed in roaring flames.
Impy's ghost hits you!
You die...

# #.#####
#..<@.#
#####p.....#
......#
.###..# .#
.# .. .# .#
.


You could see Impy's ghost.

Vanquished Creatures
  A hill giant (D:11)
  Grinder (D:4)
  A hydra zombie (D:11)
  A water elemental (D:11)
  A hill giant zombie (D:12)
  A wyvern (D:10)
  A hill giant skeleton (D:11)
  A soldier ant (D:12)
  5 orc warriors (Bailey)
  A yellow wasp (D:11)
  A black bear (D:10)
  4 ogres
  2 phantoms
  A centaur (D:11)
  6 giant frogs
  3 killer bees (D:11)
  A wight (D:7)
  A jelly (D:6)
  2 goliath beetles (D:11)
  A jellyfish (D:11)
  2 scorpions
  5 hounds
  A big fish (D:5)
  A crimson imp (D:11)
  An orc priest (D:6)
  5 worker ants
  3 orc wizards (D:6)
  A killer bee zombie (D:5)
  A hound zombie (D:7)
  A mottled dragon skeleton (D:11)
  A hound skeleton (D:7)
  5 gnolls
  A steam dragon skeleton (D:7)
  4 adders
  A giant mite (D:4)
  A worm (D:12)
  An ooze (D:4)
  20 orcs
  2 giant cockroaches
  6 goblins
  5 hobgoblins
  7 jackals
  20 kobolds
  3 bats
  3 giant geckos
  A goblin skeleton (D:4)
  A jackal zombie (D:7)
  2 quokkas
  A quokka skeleton (D:5)
  6 rats
148 creatures vanquished.

Vanquished Creatures (others)
  2 plants (D:11)
2 creatures vanquished.

Grand Total: 150 creatures vanquished

Notes
Turn   | Place    | Note
--------------------------------------------------------------
     0 | D:1      | 4tharraofdagon, the Naga Fire Elementalist, began the quest for the Orb.
     0 | D:1      | Reached XP level 1. HP: 15/15 MP: 3/3
   118 | D:2      | Gained mutation: You are partially covered in rugged brown scales (AC +1, +3% HP). [potion of mutation]
   118 | D:2      | Gained mutation: You have a slow metabolism. [potion of mutation]
   120 | D:2      | Gained mutation: You are mostly covered in rugged brown scales (AC +2, +5% HP). [potion of mutation]
   120 | D:2      | Lost mutation: You have a slow metabolism. [potion of mutation]
   246 | D:4      | Reached XP level 2. HP: 23/23 MP: 1/4
   264 | D:4      | Noticed an ogre
   272 | D:4      | Killed an ogre
   272 | D:4      | Reached skill level 4 in Fire Magic
   272 | D:4      | Reached XP level 3. HP: 29/29 MP: 4/6
   272 | D:4      | Reached XP level 4. HP: 37/37 MP: 4/7
   277 | D:4      | Learned a level 3 spell: Conjure Flame
   390 | D:3      | Reached XP level 5. HP: 44/44 MP: 6/9
   423 | D:4      | Noticed Grinder
   423 | D:4      | Noticed a hound
   436 | D:4      | Killed Grinder
   436 | D:4      | Reached skill level 5 in Fire Magic
   436 | D:4      | Reached XP level 6. HP: 39/51 MP: 3/11
   444 | D:4      | Learned a level 4 spell: Sticky Flame
   488 | D:4      | Killed a hound
   687 | D:5      | Entered Level 5 of the Dungeon
   795 | D:5      | Reached XP level 7. HP: 49/57 MP: 7/13
   890 | D:5      | Found a staircase to the Ecumenical Temple.
   898 | Temple   | Entered the Ecumenical Temple
   945 | Temple   | Became a worshipper of Vehumet
  1187 | D:6      | Found Phuvaun's Antique Armour Shop.
  1194 | D:6      | Reached skill level 5 in Conjurations
  1241 | D:6      | Reached skill level 6 in Fire Magic
  1419 | D:6      | Reached XP level 8. HP: 42/65 MP: 6/16
  1419 | D:6      | Acquired Vehumet's first power
  1419 | D:6      | Offered knowledge of Sting by Vehumet.
  1494 | D:6      | Paralysed by a giant eyeball for 3 turns
  1535 | D:6      | Learned a level 5 spell: Fireball
  1811 | D:7      | Offered knowledge of Searing Ray by Vehumet.
  1838 | D:7      | Reached skill level 7 in Fire Magic
  1936 | D:8      | Found a flagged portal.
  1949 | D:8      | Got an ancient hand axe
  1955 | D:8      | Identified the cursed +2,+2 hand axe of Revolt {vamp, Dex+4} (You found it on level 8 of the Dungeon)
  1955 | D:8      | Identified the cursed +2,+2 hand axe of Revolt {vamp, Dex+4} (You found it on level 8 of the Dungeon)
  1959 | Bailey   | Entered a bailey
  2167 | Bailey   | Reached XP level 9. HP: 39/71 MP: 15/20
  2309 | D:8      | Offered knowledge of Stone Arrow by Vehumet.
  2327 | D:8      | Found a shimmering altar of Xom.
  2376 | D:10     | Entered Level 10 of the Dungeon
  2385 | D:10     | Reached skill level 1 in Armour
  2385 | D:10     | Reached skill level 8 in Fire Magic
  2459 | D:10     | Reached skill level 1 in Fighting
  2530 | D:11     | Reached skill level 5 in Spellcasting
  2861 | D:11     | Acquired Vehumet's second power
  2882 | D:11     | Noticed a hill giant
  2931 | D:11     | Killed a hill giant
  2931 | D:11     | Reached skill level 9 in Fire Magic
  2931 | D:11     | Reached XP level 10. HP: 16/82 MP: 8/22
  3000 | D:11     | Found a portal to a secret trove of treasure.
  3380 | D:12     | :(
  3398 | D:13     | Noticed Impy's ghost (powerful DsGl)
  3411 | D:13     | Slain by Impy's ghost

Action                   |  1- 3 |  4- 6 |  7- 9 | 10-12 || total
-------------------------+-------+-------+-------+-------++-------
Melee: Unarmed           |     6 |     5 |       |       ||    11
       Sabre             |       |    15 |   154 |       ||   169
       Hand axe          |       |       |    31 |    32 ||    63
 Cast: Flame Tongue      |     7 |    21 |   105 |    18 ||   151
       Conjure Flame     |       |     1 |    22 |    12 ||    35
       Sticky Flame      |       |     2 |    25 |    10 ||    37
       Fireball          |       |       |     1 |       ||     1
 Abil: Spit Poison       |     8 |    13 |    45 |     6 ||    72
Evoke: Wand              |     7 |     1 |    14 |     7 ||    29
  Use: Potion            |     3 |       |     5 |     3 ||    11
       Scroll            |       |       |     6 |       ||     6
 Stab: Sleeping          |       |     1 |       |     1 ||     2
